 Dungeon Crawl Stone Soup version 0.31-a0-1522-g43313d8a59 (webtiles) character file.

Game seed: 3703362162314601772

110 Laraso the Ruffian (level 4, -11/52 HPs)
             Began as a Draconian Shapeshifter on Dec 31, 2023.
             Killed from afar by Ijyb (19 damage)
             ... with a bolt of acid
             ... on level 3 of the Dungeon.
             The game lasted 00:02:24 (2139 turns).

Laraso the Ruffian (Draconian Shapeshifter)         Turns: 2139, Time: 00:02:25

Health: -11/52     AC: 14    Str: 16    XL:     4   Next: 61%
Magic:  4/4        EV:  2    Int: 11    God:
Gold:   45         SH:  5    Dex: 12    Spells: 3/3 levels left

rFire   . .          .
                       - Unarmed
rCold   . . .        (no shield)
rNeg    . . .        (body armour unavailable)
rPois   +            (helmet currently unavailable)
rElec   .            (cloak currently unavailable)
rCorr   .            (gloves currently unavailable)
SInv    .            (boots currently unavailable)
Will    .....        f - amulet of reflection
Stlth   +            (no ring)
HPRegen 0.28/turn    (no ring)
MPRegen 0.09/turn

%: reflection
@: tree-form, corroded
A: stationary, stasis, torment immunity, boosted hp, AC +5, unfitting armour,
(cold-blooded)
a: no special abilities


You were on level 3 of the Dungeon.
You were a tree.
You visited 1 branch of the dungeon, and saw 3 of its levels.

You collected 45 gold pieces.

Inventory:

Jewellery
 d - an amulet of magic regeneration
 f - an amulet of reflection (around neck)
Talismans
 b - a beast talisman
 c - a flux talisman
Scrolls
 h - a scroll of teleportation {unknown}
 i - a scroll of blinking {unknown}
 k - a scroll of immolation {unknown}
Potions
 e - a potion of enlightenment {unknown}
 g - a potion of heal wounds {unknown}
 j - a potion of curing {unknown}
 l - a potion of resistance {unknown}


   Skills:
 - Level 1.1 Fighting
 - Level 1.7 Dodging
 * Level 4.7 Unarmed Combat
 + Level 3.8 Shapeshifting


You had 3 spell levels left.
You didn't know any spells.
Your spell library contained the following spells:

 Spells                   Type           Power      Damage    Failure   Level
 Blink                    Tloc           0%         N/A       47%         2
 Lesser Beckoning         Tloc           0%         N/A       47%         2
 Momentum Strike          Conj/Tloc      0%         3d8       47%         2


Dungeon Overview and Level Annotations

Branches:
Dungeon (3/15)

Altars:

Annotations:
D:1 1 runed translucent door
D:3 Ijyb


Innate Abilities, Weirdness & Mutations

You are a tree.
Your roots penetrate the ground, keeping you stationary.
You cannot be teleported.
You are immune to unholy pain and torment.
Your maximum health is greatly increased.
Your equipment is partially melded.
((Your plain brown scales are hard. (AC +5)))
You cannot fit into any form of body armour.
((You are cold-blooded and may be slowed by cold attacks.))


Message History

You hit the bat.
You kill the bat!
No target in view!
There is an open door here.
Found a club.
You see here a +0 club.
Ijyb the Twisted Goblin comes into view.
She is wielding a +0 club and carrying a wand of acid.
Ijyb is nearby!
Ijyb is nearby!
Ijyb shouts!
Ijyb screams, "Me very upset!"
Ijyb zaps a wand.
The bolt of acid hits you. The acid corrodes you!
You hit Ijyb.
Ijyb is lightly wounded.
You punch Ijyb!
Ijyb is heavily wounded.
You block Ijyb's attack.
You hit Ijyb.
Ijyb is severely wounded.
Ijyb zaps a wand.
The bolt of acid hits you! The acid corrodes you!
You barely miss Ijyb.
Ijyb is severely wounded.
Ijyb hits you with a +0 club.
You miss Ijyb.
Ijyb is severely wounded.
Ijyb hits you with a +0 club!
You are too injured to fight recklessly!
You are too injured to fight recklessly!
You hit Ijyb but do no damage.
Ijyb is severely wounded.
Ijyb zaps a wand.
The bolt of acid hits you!
* * * LOW HITPOINT WARNING * * *
You hit Ijyb but do no damage. You tail-slap Ijyb, but do no damage.
Ijyb is severely wounded.
Ijyb misses you.
Unknown command.
Your transformation has ended.
You turn into a tree.
Your roots penetrate the ground.
Ijyb zaps a wand.
The bolt of acid hits you!!
You die...

### #.. #.# #.#
#.# #g# #♣# #.#
#.################
#.....)...........
##################


You could see Ijyb.

Vanquished Creatures
  Natasha (D:3)
  An orc wizard (D:3)
  A ribbon worm (D:3)
  2 orcs
  2 bats
  6 endoplasms
  3 giant cockroaches (D:1)
  9 goblins
  8 hobgoblins
  3 kobolds
  8 ball pythons
  5 frilled lizards
  3 rats
52 creatures vanquished.

Notes
Turn   | Place    | Note
-------+----------+-------------------------------------------
     0 | D:1      | Laraso the Draconian Shapeshifter began the quest for the
                  | Orb.
     0 | D:1      | Reached XP level 1. HP: 16/16 MP: 1/1
     1 | D:1      | Found a runed translucent door.
   366 | D:1      | Reached XP level 2. HP: 23/23 MP: 2/2
  1062 | D:2      | Reached XP level 3. HP: 26/28 MP: 3/3
  1199 | D:2      | Reached skill level 4 in Unarmed Combat
  1784 | D:3      | Noticed Natasha
  1857 | D:3      | Killed Natasha
  1858 | D:3      | Reached XP level 4. HP: 27/35 MP: 4/4
  2128 | D:3      | Noticed Ijyb
  2139 | D:3      | Killed from afar by Ijyb

Illustrated notes

Levels and vault maps discovered:
D:1:      dpeg_arrival_caged_fury, layout_basic, serial_bayou,
          serial_bayou_pond_a, serial_bayou_pond_e, serial_bayou_pond_d,
          serial_bayou_lake_a
D:2:      layout_loops_corners, minivault_24
D:3:      cheibrodos_thug_alley, layout_basic, uniq_ijyb, uniq_natasha

Skill      XL: |  1  2  3 |
---------------+----------+-----
Unarmed Combat | 4 |  4.7
Fighting       | |  1.1
Dodging        | |  1.7
Shapeshifting  | |  3.8

Action                     |  1- 3 |  4- 6 || total
---------------------------+-------+-------++-------
  Melee: Unarmed           |   110 |    33 ||   143
         Tailslap          |    12 |     5 ||    17
         Punch             |     1 |       ||     1
    Use: Potion            |       |     1 ||     1
   Stab: Sleeping          |     2 |       ||     2
 Armour: Skin              |    44 |    22 ||    66
  Dodge: Dodged            |    54 |    10 ||    64
  Block: Other             |     6 |    10 ||    16

Table legend: (Time is in decaauts)
 A = Elapsed time spent in this place.
 B = Non-inter-level travel time spent in this place.
 C = Inter-level travel time spent in this place.
 D = Time resting spent in this place.
 E = Time spent auto-exploring this place.
 F = Levels seen in this place.
 G = Mean time per level.
                   A        B        C        D        E       F      G
               +--------+--------+--------+--------+--------+-----+--------+
         Total |   2162 |   2117 |     45 |    229 |   1455 |   3 |  720.7 |
       Dungeon |   2162 |   2117 |     45 |    229 |   1455 |   3 |  720.7 |
               +--------+--------+--------+--------+--------+-----+--------+

Top non-repeatable levels by time:
     D:1: 956 daAuts
     D:2: 891 daAuts
     D:3: 314 daAuts
